 Dungeon Crawl Stone Soup version 0.30.0-16-gbe6223bb7e (webtiles) character file.

Game seed: 8991463400693129923

107 browni3141 the Magician (level 4, -2/30 HPs)
             Began as a Mummy Summoner on May 21, 2023.
             Slain by a kobold brigand
             ... wielding a +0 club
              (5 damage)
             ... in a sewer.
             The game lasted 00:08:39 (2257 turns).

browni3141 the Magician (Mummy Summoner)            Turns: 2257, Time: 00:08:40

Health: -2/30      AC:  2    Str: 11    XL:     4   Next: 56%
Magic:  2/9        EV: 13    Int: 16    God:
Gold:   95         SH:  0    Dex: 18    Spells: 7/10 levels left

rFire   x . .        N - +5 whip
rCold   + . .        (no shield)
rNeg    + + +        a - +0 robe
rPois   ∞            (no helmet)
rElec   .            (no cloak)
rCorr   .            (no gloves)
SInv    .            (no boots)
Will    .....        (no amulet)
Stlth   ++           M - +6 ring of dexterity
HPRegen 0.25/turn    (no ring)
MPRegen 0.11/turn

%: faith
@: no status effects
A: cold resistance 1, negative energy resistance 3, torment resistance 2, heat
vulnerability 1, in touch with death 1, no potions, faith
a: no special abilities


You were in a sewer.
You visited 1 branch of the dungeon, and saw 3 of its levels.
You also visited: Sewer.

You collected 95 gold pieces.

Inventory:

Hand Weapons
 e - a +0 spear
 N - a +5 whip (weapon)
Missiles
 J - 12 poisoned darts
Armour
 a - a +0 robe (worn)
Jewellery
 M - a +6 ring of dexterity (left hand)
Scrolls
 b - a scroll of immolation {unknown}
 c - 6 scrolls of identify {unknown}
 d - a scroll of teleportation {unknown}
 f - 2 scrolls of magic mapping {unknown}
 g - a scroll of poison {unknown}
 K - a scroll of noise {unknown}
 L - a scroll of fear {unknown}


   Skills:
 + Level 2.4 Dodging
 + Level 2.4 Stealth
 + Level 3.8 Spellcasting
 + Level 3.7 Summonings


You had 7 spell levels left.
You knew the following spells:

 Your Spells              Type           Power      Damage    Failure   Level
x - Call Imp              Summ           30%        N/A       5%          2
z - Summon Small Mammal   Summ           60%        N/A       3%          1

Your spell library contained the following spells:

 Spells                   Type           Power      Damage    Failure   Level
 Call Canine Familiar     Summ           15%        N/A       11%         3
 Summon Guardian Golem    Hex/Summ       9%         N/A       24%         3
 Gell's Gravitas          Tloc           3%         N/A       45%         3
 Hailstorm                Conj/Ice       3%         3d3       45%         3
 Teleport Other           Tloc           3%         N/A       45%         3
 Summon Lightning Spire   Summ/Air       9%         N/A       61%         4
 Dispersal                Tloc           1%         N/A       100%        6
 Simulacrum               Ice/Necr       2%         N/A       100%        6
 Ice Form                 Ice/Tmut       Unusable   N/A       N/A         4

Dungeon Overview and Level Annotations

Branches:
Dungeon (3/15)              Sewer (1/1)

Altars:
Dithmenos


Innate Abilities, Weirdness & Mutations

You are immune to poison.
Your flesh is cold resistant. (rC+)
You are immune to negative energy. (rN+++)
You are immune to unholy pain and torment.
You are vulnerable to heat. (rF-)
You are in touch with the powers of death.
You do not drink.
You have a special connection with the divine. (Faith)


Message History

You hit the kobold.
The kobold is heavily wounded.
Your bat hits the kobold brigand but does no damage.
Your cerulean imp misses the kobold brigand.
The kobold barely misses your cerulean imp.
The kobold misses you.
You swap places.
Your bat misses the kobold brigand. Your bat hits the kobold brigand.
Your cerulean imp hits the kobold brigand with a -3 spear.
The kobold hits your cerulean imp with a +0 short sword.
The kobold misses your bat.
The kobold brigand hits your bat with a +0 club.
Your bat dies!
Your bat's corpse disappears in a puff of smoke!
Casting: Summon Small Mammal (safe; 3% risk of failure)
Confirm with . or Enter, or press ? or * to list all spells.
Your cerulean imp hits the kobold but does no damage.
The kobold brigand hits your cerulean imp with a +0 club!
Your cerulean imp dies!
Your cerulean imp disappears in a puff of smoke!
The kobold hits you with a +0 dagger.
* * * LOW HITPOINT WARNING * * *
The kobold brigand shouts!
You hit the kobold.
You kill the kobold!
The kobold brigand hits your quokka with a +0 club!
Your quokka dies!
Your quokka's corpse disappears in a puff of smoke!
The kobold completely misses you.
You closely miss the kobold.
The kobold is heavily wounded.
The kobold closely misses you.
Casting: Call Imp (safe; 5% risk of failure)
Press: ? - help, Q - select action, (/) - cycle Dir - look around, f - activate A tiny devil pulls itself out of the air.
The kobold misses you.
The kobold hits the plant with a +0 short sword.
The plant begins to die.
A frilled lizard comes into view.
Your cerulean imp hits the kobold from afar with a -3 spear.
You swap places.
The frilled lizard hisses angrily.
The kobold barely misses your cerulean imp. x2
Your cerulean imp misses the kobold.
Casting: Call Imp (safe; 5% risk of failure)
Confirm with . or Enter, or press ? or * to list all spells.
The kobold brigand throws a poisoned dart.
The poisoned dart hits you! The kobold misses your cerulean imp.
Your cerulean imp hits the kobold with a -3 spear.
The kobold dies!
Casting: Summon Small Mammal (safe; 3% risk of failure)
Confirm with . or Enter, or press ? or * to list all spells.
A nearby plant withers and dies.
The kobold brigand hits your rat with a +0 club.
Your rat dies!
Your rat's corpse disappears in a puff of smoke!
The kobold closely misses your cerulean imp.
Your cerulean imp closely misses the kobold.
Casting: Summon Small Mammal (safe; 3% risk of failure)
Confirm with . or Enter, or press ? or * to list all spells.
The kobold barely misses your cerulean imp.
Your cerulean imp hits the kobold with a -3 spear.
The kobold dies!
You hit the kobold but do no damage.
The kobold hits your rat with a +0 short sword.
Your rat dies!
Your rat's corpse disappears in a puff of smoke!
The kobold brigand misses your cerulean imp.
Your bat hits the frilled lizard.
Your cerulean imp hits the kobold with a -3 spear.
The kobold dies!
The frilled lizard bites you but does no damage.
You closely miss the frilled lizard.
The frilled lizard is heavily wounded.
Your bat closely misses the frilled lizard.
Your cerulean imp misses the frilled lizard.
The frilled lizard closely misses you.
You miss the frilled lizard.
The frilled lizard is heavily wounded.
Your bat barely misses the frilled lizard.
The kobold brigand hits you with a +0 club.
* * * LOW HITPOINT WARNING * * *
Your cerulean imp completely misses the frilled lizard.
The frilled lizard closely misses you.
You hit the kobold brigand but do no damage.
The kobold brigand is severely wounded.
Your bat closely misses the frilled lizard.
The kobold brigand barely misses you.
Your cerulean imp closely misses the frilled lizard.
The frilled lizard barely misses you.
You hit the kobold brigand.
The kobold brigand is almost dead.
Your bat completely misses the frilled lizard.
The kobold brigand barely misses you.
Your cerulean imp barely misses the frilled lizard.
The frilled lizard barely misses you.
You miss the kobold brigand.
The kobold brigand is almost dead.
The kobold brigand hits you with a +0 club.
You die...

########## ###.....##.#
.......@K..########
......l.5....#.?..#####
......b.)))..'..![#.∩.#
...P...~~~~..'..∩.#.∩.#
.......~P~~P)#...?#...#
#########~~########'###
~~~~~~~~~~~~~~~~~~≈#
≈≈≈≈~≈≈≈≈≈~≈≈≈≈≈~≈≈#
~~~~~~~~~~~~~~~~~~≈#


You could see a kobold brigand, a frilled lizard (ally target), a friendly
cerulean imp (summoned) and a friendly bat (summoned).

Vanquished Creatures
  2 adders
  A worm (D:2)
  2 dart slugs
  An orc (D:3)
  4 bats
  An endoplasm (D:1)
  2 giant cockroaches (D:3)
  A goblin (D:2)
  A hobgoblin (D:1)
  A jackal (D:2)
  2 quokkas (D:2)
  3 ball pythons
  A frilled lizard (D:1)
  5 kobolds
  5 rats
32 creatures vanquished.

Vanquished Creatures (collateral kills)
  2 adders (D:2)
  A worm (D:3)
  A bat (D:1)
  3 endoplasms
  A goblin (D:2)
  5 hobgoblins
  A jackal (D:2)
  2 ball pythons
  A frilled lizard (D:2)
  7 kobolds
  2 rats
26 creatures vanquished.

Grand Total: 58 creatures vanquished

Notes
Turn   | Place    | Note
-------+----------+-------------------------------------------
     0 | D:1      | browni3141 the Mummy Summoner began the quest for the Orb.
     0 | D:1      | Reached XP level 1. HP: 13/13 MP: 4/4
   148 | D:1      | Reached XP level 2. HP: 15/19 MP: 3/5
   176 | D:1      | Reached skill level 3 in Spellcasting
   635 | D:2      | Learned a level 2 spell: Call Imp
   788 | D:2      | Gained mutation: You are in touch with the powers of death.
                  | [Mummy growth]
   788 | D:2      | Reached XP level 3. HP: 20/24 MP: 7/7
  1499 | D:2      | Reached XP level 4. HP: 26/30 MP: 9/9
  1889 | D:3      | Found a shadowy altar of Dithmenos.
  2193 | D:3      | Found a glowing drain.
  2206 | Sewer    | Entered a sewer
  2231 | Sewer    | Noticed a kobold brigand
  2257 | Sewer    | Slain by a kobold brigand

Illustrated notes

Levels and vault maps discovered:
D:1:      nzn_arrival_depleted_hourglass, layout_rooms
D:2:      layout_loops_corners, basic_altar, grunt_decor_junction,
          nicolae_concentric_dashed_squares_mild, dreamdust_mushroom_princess
D:3:      layout_loops_ring, grunt_dithmenos_smoke_and_mirrors,
          cheibrodos_sewer_entry_sluice
Sewer:    kennysheep_pipe_town

Skill      XL: |  1  2 |
---------------+-------+-----
Spellcasting   | 3 |  3.8
Dodging        | 2 |  2.4
Stealth        | 2 |  2.4
Summonings     | |  3.7

Action                     |  1- 3 |  4- 6 || total
---------------------------+-------+-------++-------
  Melee: Unarmed           |    18 |       ||    18
         Spear             |    97 |    33 ||   130
         Punch             |     1 |       ||     1
         Whip              |       |    29 ||    29
   Cast: Summon Small Mamm |     9 |     7 ||    16
         Call Imp          |    13 |     9 ||    22
   Stab: Sleeping          |     6 |     3 ||     9
 Armour: Robe              |    18 |     8 ||    26
  Dodge: Dodged            |    79 |    48 ||   127
